 Dungeon Crawl Stone Soup version 0.27.0-1-g7a089689b8 (webtiles) character file.

Game seed: 5403790699547681549

14414 Anothat the Cleaver (level 12, -4/100 HPs)
             Began as a Formicid Fighter on Aug 14, 2021.
             Was the Champion of Lugonu.
             Slain by a catoblepas (5 damage)
             ... while petrified by a catoblepas
             ... on level 2 of the Lair of Beasts on Aug 15, 2021.
             The game lasted 00:21:18 (15044 turns).

Anothat the Cleaver (Formicid Fighter)             Turns: 15044, Time: 00:21:18

Health: -4/100     AC: 13    Str: 27    XL:     12   Next: 44%
Magic:  18/18      EV:  2    Int:  7    God:    Lugonu [******]
Gold:   900        SH:  0    Dex: 16    Spells: 11/11 levels left

rFire    . . .     SeeInvis +   g - +8 executioner's axe (freeze)
rCold    . . .     Faith    .   c - +1 kite shield
rNeg     + + +     Spirit   .   l - +0 chain mail
rPois    ∞         Reflect  .   (helmet unavailable)
rElec    .         Harm     .   f - +0 cloak
rCorr    .         Rampage  +   (no gloves)
Will     +....                  I - +2 pair of boots {rampage}
Stlth    ..........             y - amulet of the acrobat
HPRegen  0.26/turn              h - +6 ring of dexterity
MPRegen  0.16/turn              (no ring)

@: petrified
A: permanent stasis, dig shafts and tunnels, antennae 3, four strong arms,
MP-powered wands
a: Dig, Shaft Self, Renounce Religion, Depart the Abyss, Bend Space, Banish,
Corrupt, Enter the Abyss, Brand Weapon With Distortion


You were on level 2 of the Lair of Beasts.
You worshipped Lugonu.
Lugonu was exalted by your worship.
You visited 2 branches of the dungeon, and saw 11 of its levels.
You also visited: Ossuary and Bailey.

You collected 900 gold pieces.

Inventory:

Hand Weapons
 a - a +1 war axe
 g - a +8 executioner's axe of freezing (weapon)
Missiles
 d - 9 javelins
 D - a throwing net
Armour
 b - a +0 scale mail
 c - a +1 kite shield (worn)
 f - a +0 cloak (worn)
 l - a +0 chain mail (worn)
 s - a +0 pair of boots
 G - a +2 pair of boots of flying
 I - a +2 pair of boots of rampaging (worn)
Jewellery
 h - a +6 ring of dexterity (left hand)
 m - an amulet of guardian spirit
 r - the ring "Haepp" {+Blink rElec rF- MP-9 Str+6}
   (You found it in a bailey)

   [ring of strength]

   Str:       It affects your strength (+6).
   rF:        It makes you vulnerable to fire.
   rElec:     It insulates you from electricity.
   MP:        It affects your magic capacity (-9).
   +Blink:    It lets you blink.
 y - an amulet of the acrobat (around neck)
Wands
 j - a wand of paralysis (10)
 k - a wand of acid (7)
 n - a wand of flame (34)
 p - a wand of digging (3)
 H - a wand of iceblast (15)
Scrolls
 e - 9 scrolls of identify
 i - 4 scrolls of enchant armour
 x - 3 scrolls of amnesia
 E - a scroll of blinking {unknown}
Potions
 o - a potion of flight {unknown}
 q - 2 potions of attraction
 t - 2 potions of might
 u - a potion of lignification {unknown}
 w - 2 potions of berserk rage {unknown}
 z - 4 potions of mutation
 A - a potion of curing
 B - a potion of magic {unknown}
 C - 2 potions of ambrosia
 F - a potion of brilliance {unknown}


   Skills:
 + Level 11.5 Fighting
 * Level 12.7 Axes
 - Level 3.2 Armour
 - Level 10.0 Shields
 - Level 8.0 Invocations


You had 11 spell levels left.
You didn't know any spells.
Your spell library contained the following spells:

 Spells                   Type           Power      Damage    Failure   Level
 Passwall                 Tmut/Erth      0%         N/A       99%         2
 Lesser Beckoning         Tloc           0%         N/A       100%        3
 Ozocubu's Armour         Ice            0%         N/A       100%        3
 Passage of Golubria      Tloc           N/A        N/A       100%        4
 Alistair's Intoxication  Tmut/Pois      0%         N/A       100%        5
 Borgnjor's Vile Clutch   Necr/Erth      0%         N/A       100%        5
 Manifold Assault         Tloc           0%         N/A       100%        5
 Silence                  Hex/Air        0%         N/A       100%        5
 Eringya's Noxious Bog    Tmut/Pois      0%         N/A       100%        6
 Invisibility             Hex            0%         N/A       100%        6
 Ozocubu's Refrigeration  Ice            0%         4d5       100%        7
 Lehudib's Crystal Spear  Conj/Erth      0%         10d2      100%        8
 Blink                    Tloc           Unusable   N/A       N/A         2
 Swiftness                Air            Unusable   N/A       N/A         3

Dungeon Overview and Level Annotations

Branches:
Dungeon (9/15)             Temple (0/1) D:5            Lair (2/6) D:8
Ossuary (visited)          Bailey (visited)
  Swamp: Lair:2-4    Shoals: Lair:2-4     Snake: Lair:2-4    Spider: Lair:2-4
    Orc: D:9-12

Altars:
Ashenzari
Dithmenos
Fedhas
Hepliaklqana
Kikubaaqudgha
Nemelex Xobeh
Qazlal
Ru
Uskayaw
Wu Jian
Yredelemnul
Lugonu


Innate Abilities, Weirdness & Mutations

You cannot be hasted, slowed, berserked, paralysed or teleported.
You can dig through walls and to a lower floor.
You have a pair of large antennae on your head. (SInv)
Your four strong arms can wield two-handed weapons with a shield.
You expend magic power (3 MP) to strengthen your wands.


Message History

* * * LOW HITPOINT WARNING * * *
The cane toad is engulfed in calcifying dust.
The cane toad is moving more slowly.
The cane toad is engulfed in calcifying dust.
The cane toad stops moving altogether!
The cane toad is engulfed in calcifying dust. x2
The cane toad is engulfed in calcifying dust. x2
The cane toad is engulfed in calcifying dust. x2
The cane toad is engulfed in calcifying dust. x2
Aiming: Paralyse
Press: ? - help, Shift-Dir - straight line, f - catoblepas
Aim: a catoblepas (chance to affect: 2%)
Okay, then.
The catoblepas breathes a plume of calcifying dust at you.
The blast of calcifying dust hits you but does no damage.
You are engulfed in calcifying dust.
You are slowing down.
The catoblepas breathes a plume of calcifying dust at you.
The blast of calcifying dust hits you.
* * * LOW HITPOINT WARNING * * *
Your limbs are stiffening.
Okay, then.
Okay, then.
You feel much better.
You are engulfed in calcifying dust.
Your limbs have turned to stone.
You have turned to stone.
You are engulfed in calcifying dust. x2
The catoblepas barely misses you.
You are engulfed in calcifying dust.
The cane toad stings you!! The cane toad stings you!
The catoblepas completely misses you.
You are engulfed in calcifying dust.
The cane toad stings you! The catoblepas gores you!!
* * * LOW HITPOINT WARNING * * *
The cane toad stings you!
* * * LOW HITPOINT WARNING * * *
The catoblepas gores you!!
* * * LOW HITPOINT WARNING * * *
The cane toad stings you!
* * * LOW HITPOINT WARNING * * *
The catoblepas gores you!
You die...

..............##
.....#+P.#......#
#####...............#
#P##.............#..#
.............#+..P..##
....................P#
.........##.P##.#.<..#
...............F#...##
.........#.....Y@...#
.......F{.......#...#
.........#......#...#
...##.#.....P.+##...#
...#.#.#............#
..######......>.....#
..# #............##
..# #.............#
..## #............##


You could see a catoblepas and a cane toad.

Vanquished Creatures
  A boulder beetle (Lair:1)
  2 two-headed ogres
  Pikel (D:5)
  4 elephants (Lair:2)
  6 cane toads (Lair:1)
  3 komodo dragons
  2 rime drakes (Lair:2)
  Sigmund (D:3)
  2 wraiths
  9 yaks
  2 wyverns
  A basilisk (Lair:1)
  3 steam dragons (D:7)
  Edmund (D:5)
  Menkaure (D:4)
  3 water moccasins
  3 ice beasts
  A sky beast (D:5)
  7 orc warriors
  2 hornet zombies
  4 black bears
  4 wolves (Lair:2)
  4 centaurs
  3 phantoms
  Blork the orc (D:4)
  3 kobold brigands
  6 bullfrogs
  2 scorpions
  A water moccasin zombie (D:6)
  A wyvern skeleton (D:7)
  A water moccasin skeleton (D:5)
  4 killer bees (D:9)
  2 howler monkeys (D:8)
  A centaur zombie (D:7)
  A hound (D:4)
  A gnoll shaman (D:6)
  2 orc priests
  Crazy Yiuf (D:3)
  2 iguanas
  Terence (D:3)
  Ijyb (D:5)
  7 orc wizards
  A killer bee zombie (D:9)
  A hound skeleton (D:4)
  A mummy (Ossuary)
  A howler monkey zombie (D:5)
  Robin (D:4)
  7 gnolls (D:6)
  4 adders
  A white imp (D:5)
  An ufetubus (D:4)
  An adder skeleton (D:4)
  3 worms
  2 dart slugs
  46 orcs
  2 spectral bats (Ossuary)
  3 ball pythons
  5 endoplasms
  3 giant cockroaches
  13 gnoll zombies
  20 goblins
  9 hobgoblins
  5 jackals (D:1)
  4 quokkas
  6 bats
  A bat simulacrum (Ossuary)
  5 frilled lizards
  2 goblin simulacra (Ossuary)
  5 goblin zombies (Ossuary)
  2 hobgoblin zombies (Ossuary)
  A jackal zombie (D:6)
  13 kobolds
  3 kobold simulacra (Ossuary)
  6 kobold zombies (Ossuary)
  5 orc zombies (Ossuary)
  5 rats
  7 rat simulacra (Ossuary)
  3 spectral goblins (Ossuary)
  5 spectral kobolds (Ossuary)
  2 spectral rats (Ossuary)
313 creatures vanquished.

Vanquished Creatures (others)
  A rime drake (Lair:2)
  A shadow imp (D:7)
  9 fungi
  8 plants
19 creatures vanquished.

Grand Total: 332 creatures vanquished

Notes
Turn   | Place    | Note
-------+----------+-------------------------------------------
     0 | D:1      | Anothat the Formicid Fighter began the quest for the Orb.
     0 | D:1      | Reached XP level 1. HP: 18/18 MP: 1/1
   223 | D:1      | Reached XP level 2. HP: 24/24 MP: 2/2
   517 | D:1      | Found a faded altar of an unknown god.
   517 | D:1      | Noticed a balrug
   638 | D:1      | Reached XP level 3. HP: 30/30 MP: 3/3
  1179 | D:1      | Became a worshipper of Lugonu the Unformed
  1179 | D:1      | Reached * piety under Lugonu
  1179 | D:1      | Reached ** piety under Lugonu
  1928 | D:2      | Found a stormy altar of Qazlal.
  1972 | D:2      | Reached XP level 4. HP: 37/37 MP: 4/4
  2475 | D:3      | Found a stormy altar of Qazlal.
  2549 | D:3      | Noticed Sigmund
  2554 | D:3      | Reached skill level 3 in Axes
  2592 | D:3      | Gained mutation: You expend magic power (3 MP) to
                  | strengthen your wands. [potion of mutation]
  2633 | D:3      | Killed Sigmund
  2634 | D:3      | Reached skill level 5 in Shields
  2634 | D:3      | Reached XP level 5. HP: 11/43 MP: 5/5
  2634 | D:3      | Reached XP level 6. HP: 13/50 MP: 6/6
  3001 | D:3      | Found a large runed translucent door.
  3002 | D:3      | Found a large runed translucent door.
  3114 | D:3      | Reached *** piety under Lugonu
  3115 | D:3      | Found a sparkling altar of Nemelex Xobeh.
  3161 | D:3      | Noticed Terence
  3167 | D:3      | Killed Terence
  3168 | D:3      | Reached skill level 5 in Fighting
  3168 | D:3      | Reached skill level 4 in Axes
  3793 | D:3      | Found a runed translucent door.
  3794 | D:3      | Noticed Crazy Yiuf
  3804 | D:3      | Killed Crazy Yiuf
  4033 | D:3      | Found a blossoming altar of Fedhas.
  4038 | D:3      | Found a basalt altar of Yredelemnul.
  4071 | D:4      | Found a hazy altar of Hepliaklqana.
  4090 | D:4      | Reached skill level 1 in Invocations
  4090 | D:4      | Reached XP level 7. HP: 45/56 MP: 7/7
  4170 | D:4      | Noticed Robin
  4187 | D:4      | Killed Robin
  4412 | D:4      | Found an ornate altar of the Wu Jian Council.
  4710 | D:4      | Noticed Blork the orc
  4718 | D:4      | Killed Blork the orc
  5003 | D:4      | Found a sacrificial altar of Ru.
  5007 | D:4      | Noticed Menkaure
  5022 | D:4      | Killed Menkaure
  5492 | D:4      | Reached XP level 8. HP: 58/64 MP: 10/10
  5643 | D:5      | Entered Level 5 of the Dungeon
  5658 | D:5      | Reached skill level 5 in Axes
  5751 | D:5      | Noticed Pikel
  5766 | D:5      | Killed Pikel
  5768 | D:5      | Reached **** piety under Lugonu
  5778 | D:5      | Noticed Edmund
  5841 | D:5      | HP: 2/65 [Edmund (14)]
  5847 | D:5      | Killed Edmund
  6361 | D:5      | Reached XP level 9. HP: 70/71 MP: 12/12
  6415 | D:5      | Reached skill level 6 in Axes
  6415 | D:5      | Reached skill level 5 in Invocations
  6739 | D:5      | Noticed a +0 dagger
  6739 | D:5      | Noticed a +0 falchion
  6740 | D:5      | Noticed a +0 falchion
  6740 | D:5      | Noticed a +0 spear
  6740 | D:5      | Noticed a +0 dagger
  6740 | D:5      | Noticed a +0 short sword
  6741 | D:5      | Noticed a +0 spear
  6742 | D:5      | Noticed a +0 short sword
  6746 | D:5      | Found a hide-covered altar of Uskayaw.
  6857 | D:5      | Noticed Ijyb
  6869 | D:5      | Killed Ijyb
  7080 | D:5      | Found a staircase to the Ecumenical Temple.
  7726 | D:5      | Identified a scroll of acquirement
  7726 | D:5      | Acquired a +6 executioner's axe of freezing
  8382 | D:6      | Found a sand-covered staircase.
  8399 | Ossuary  | Entered an ossuary
  8506 | Ossuary  | Reached ***** piety under Lugonu
  8590 | Ossuary  | Reached skill level 7 in Axes
  9148 | D:6      | Reached XP level 10. HP: 80/80 MP: 14/14
  9158 | D:6      | Identified the +3 leather armour of Morality {Str+4}
  9982 | D:7      | Reached skill level 8 in Axes
 10843 | D:7      | Found a broken altar of Ashenzari.
 10853 | D:7      | Found an ancient bone altar of Kikubaaqudgha.
 11250 | D:8      | Found a staircase to the Lair.
 11258 | D:8      | Noticed a two-headed ogre
 11261 | D:8      | Killed a two-headed ogre
 11358 | D:8      | Reached skill level 9 in Axes
 11370 | D:8      | Found a flagged portal.
 11383 | Bailey   | Entered a bailey
 11496 | Bailey   | Reached skill level 10 in Shields
 11496 | Bailey   | Reached XP level 11. HP: 76/89 MP: 17/17
 11569 | Bailey   | Found a burning altar of Makhleb.
 11575 | Bailey   | Identified the ring "Haepp" {+Blink rElec rF- MP-9 Str+6}
 11758 | D:8      | Identified the +8 falchion "Tosouckam" {pain, rC+ rN+
                  | Str+2}
 12062 | D:9      | Noticed a two-headed ogre
 12067 | D:9      | Reached skill level 10 in Axes
 12068 | D:9      | Killed a two-headed ogre
 12069 | D:9      | Reached skill level 10 in Fighting
 12769 | D:9      | Found a shadowy altar of Dithmenos.
 13061 | Lair:1   | Entered Level 1 of the Lair of Beasts
 13786 | Lair:1   | Reached skill level 11 in Axes
 14119 | Lair:1   | Found a transporter.
 14181 | Lair:1   | Found a transporter.
 14182 | Lair:1   | Noticed a boulder beetle
 14219 | Lair:1   | Killed a boulder beetle
 14220 | Lair:1   | Reached XP level 12. HP: 87/99 MP: 18/18
 14597 | Lair:2   | Reached ****** piety under Lugonu
 14602 | Lair:2   | Reached skill level 12 in Axes
 15002 | Lair:2   | Noticed a catoblepas
 15043 | Lair:2   | HP: 5/100 [catoblepas (14)]
 15044 | Lair:2   | HP: 1/100 [cane toad (4)]
 15044 | Lair:2   | Slain by a catoblepas

Illustrated notes

Levels and vault maps discovered:
D:1:      onia_arrival_mini_maze, layout_basic,
          dreamdust_ecumenical_altar_sealed_demon
D:2:      layout_loops_ring, serial_glass, glass_columns_a, glass_columns_b,
          glass_columns_b, glass_columns_a, glass_columns_b, basic_altar
D:3:      layout_loops_ring, grunt_qazlal_clouds,
          mainiacjoe_overflow_tiny_flanked, jmf_multi_god_temple2,
          uniq_crazy_yiuf_cottage, uniq_terence, uniq_sigmund
D:4:      layout_layer_cave, nicolae_hepliaklqana_hazy_memory,
          nicolae_ru_awakened_eye, kennysheep_mini_moat, grunt_decor_clamped,
          chequers_serial_rivers_large_a, uniq_blork_the_orc, uniq_robin,
          uniq_menkaure
D:5:      cheibrodos_thug_alley, layout_loops_cross, nicolae_uskayaw_en_pointe,
          minmay_temple_entry_trees, uniq_pikel, uniq_edmund, uniq_ijyb
D:6:      layout_loops_cross, enter_ossuary_3, sigmund_army
D:7:      minmay_angry_zag, layout_basic, mainiacjoe_overflow_big_doors
D:8:      layout_rooms, grunt_lair_entry_orc_guard_hut, enter_bailey_5
D:9:      layout_gridville, grunt_dithmenos_smoke
Lair:1:   gammafunk_boulding_lane, layout_cave_pods, grunt_megastairs_5,
          infiniplex_staircase_pool
Lair:2:   layout_chaotic_city, infiniplex_staircase_pool_2

Skill      XL: |  1  2  3  4  5  6  7  8  9 10 11 12 |
---------------+-------------------------------------+-----
Shields        | 4 5 6 7 8 10 | 10.0
Fighting       | 4 5 6 8 9 10 11 | 11.5
Axes           | 3 4 5 7 9 11 12 | 12.7
Invocations    | 1 3 4 6 8 |  8.0
Armour         | |  3.2

Action                   |  1- 3 |  4- 6 |  7- 9 | 10-12 || total
-------------------------+-------+-------+-------+-------++-------
Melee: War axe           |   102 |   114 |   415 |    44 ||   675
       Executioner's axe |       |       |       |   204 ||   204
Invok: Bend Space        |     1 |       |     1 |       ||     2
 Abil: Dig               |       |       |     1 |       ||     1
Evoke: Wand              |       |       |     4 |       ||     4
  Use: Potion            |       |     7 |     3 |     2 ||    12
       Scroll            |       |       |    10 |     1 ||    11
Armor: Scale mail        |    66 |    28 |    69 |       ||   163
       Chain mail        |       |       |    71 |    91 ||   162
Dodge: Dodged            |    48 |    42 |   120 |   117 ||   327
Block: Kite shield       |    63 |    61 |   267 |   214 ||   605
